 Dungeon Crawl Stone Soup version 0.30.1 (webtiles) character file.

Game seed: 12505144419052080059

828 Graphine the Trooper (level 7, 0/55 HPs)
             Began as a Demonspawn Fighter on July 10, 2023.
             Was a Follower of Cheibriados.
             Killed from afar by Dowan (10 damage)
             ... with a shard of ice
             ... on level 5 of the Dungeon.
             The game lasted 00:07:32 (4114 turns).

Graphine the Trooper (Demonspawn Fighter)           Turns: 4114, Time: 00:07:33

Health: 0/55       AC: 16    Str: 22    XL:     7   Next: 64%
Magic:  5/7        EV:  7    Int: 18    God:    Cheibriados [*.....]
Gold:   241        SH:  5    Dex: 15    Spells: 6/6 levels left

rFire   . . .        a - +0 war axe
rCold   . . .        c - +0 buckler
rNeg    . . .        f - +0 plate armour
rPois   .            (no helmet)
rElec   .            j - +0 cloak
rCorr   .            (no gloves)
SInv    .            (no boots)
Will    .....        (no amulet) Stlth
                     m - +6 ring of intelligence
HPRegen 0.29/turn    (no ring)
MPRegen 0.10/turn

%: no passive effects
@: very slow
A: thin metallic scales 2, weakness stinger 2
a: Renounce Religion, Bend Time


You were on level 5 of the Dungeon.
You worshipped Cheibriados.
Cheibriados was aware of your devotion.
You visited 2 branches of the dungeon, and saw 6 of its levels.

You collected 241 gold pieces.

Inventory:

Hand Weapons
 a - a +0 war axe (weapon)
Missiles
 n - 5 boomerangs (quivered)
Armour
 b - a +0 scale mail
 c - a +0 buckler (worn)
 f - a +0 plate armour (worn)
 j - a +0 cloak (worn)
Jewellery
 m - a +6 ring of intelligence (left hand)
 p - a +6 ring of dexterity
Scrolls
 k - 2 scrolls of identify
Potions
 g - a potion of cancellation
 i - 2 potions of mutation
 o - a potion of brilliance


   Skills:
 + Level 4.6 Fighting
 + Level 3.8 Axes
 + Level 2.1 Throwing
 + Level 4.2 Armour
 + Level 3.0 Dodging
 + Level 4.2 Shields


You had 6 spell levels left.
You didn't know any spells.
Your spell library contained the following spells:

 Spells                   Type           Power      Damage    Failure   Level
 Poisonous Vapours        Pois/Air       0%         N/A       100%        2
 Mephitic Cloud           Conj/Pois/Air  0%         N/A       100%        3
 Freezing Cloud           Conj/Ice/Air   0%         6-21      100%        5


Dungeon Overview and Level Annotations

Branches:
Dungeon (5/15)             Temple (1/1) D:4

Altars:
Ashenzari
Cheibriados
Fedhas
Gozag
Hepliaklqana
Kikubaaqudgha
Nemelex Xobeh
Okawaru
Qazlal
Ru
Sif Muna
Trog
Uskayaw
Vehumet
Yredelemnul

Shops:
D:4 =*

Annotations:
D:5 Dowan


Innate Abilities, Weirdness & Mutations

You are mostly covered in thin metallic scales. (AC +3)
You have a tail ending in a sharp stinger.


Message History

You block the centaur's attack.
The phantom hits you but does no damage.
Dowan points at you and mumbles some strange words.
The stone arrow hits you. The centaur hits you.
The centaur kicks you but does no damage.
You barely miss the centaur.
The centaur is heavily wounded.
You hit the phantom. You hit Dowan. The centaur hits you.
You block the centaur's attack. You block the phantom's attack.
Dowan hits you but does no damage. The centaur barely misses you.
The centaur kicks you.
The phantom hits you but does no damage.
You slash the centaur!
You kill the centaur!
Cheibriados thoroughly appreciates the change of pace.
You hit Dowan. You closely miss the phantom. Dowan hits you with a +0 dagger.
The phantom hits you but does no damage.
Dowan mumbles some strange words.
Dowan blinks!
Your Throwing skill increases to level 2!
Your Dodging skill increases to level 3!
Unknown command.
You slash the phantom!
The phantom is severely damaged.
The phantom hits you.
The phantom blinks!
You blink.
You barely miss the phantom.
The phantom is severely damaged.
The phantom closely misses you.
The phantom hits you but does no damage.
You hit the phantom.
Your tail-slap misses the phantom.
The phantom is almost destroyed.
You block the phantom's attack.
Dowan points at you and mumbles some strange words.
The shard of ice hits you!
* * * LOW HITPOINT WARNING * * *
You feel better.
The phantom hits you but does no damage.
Dowan casts a spell at you. The shard of ice hits you!
You die...

...####...........###
...)...................
#..)..................
.....................
...........e........#
....................#
..................$.##
.....................#
............$.>W@....#
........................
......................#.
.......................#
.......................#
..................#
..................
...............


You could see a phantom and Dowan (fast, slow).

Vanquished Creatures
  Eustachio (D:5)
  Duvessa (D:5)
  A centaur (D:5)
  An ogre (D:5)
  A gnoll bouda (D:4)
  2 hounds
  An orc priest (D:5)
  An iguana (D:4)
  An orc wizard (D:5)
  2 scorpion zombies (D:4)
  8 gnolls
  5 adders
  A worm (D:2)
  3 dart slugs (D:1)
  6 orcs
  10 ball pythons
  4 bats
  6 endoplasms
  2 giant cockroaches (D:1)
  10 goblins
  8 hobgoblins
  5 jackals
  5 kobolds
  2 quokkas
  5 frilled lizards
  8 rats
100 creatures vanquished.

Notes
Turn   | Place    | Note
-------+----------+-------------------------------------------
     0 | D:1      | Graphine the Demonspawn Fighter began the quest for the
                  | Orb.
     0 | D:1      | Reached XP level 1. HP: 18/18 MP: 1/1
    80 | D:1      | Gained mutation: You are partially covered in thin metallic
                  | scales. (AC +2) [demonic ancestry]
    80 | D:1      | Reached XP level 2. HP: 16/24 MP: 2/2
   203 | D:1      | Gained mutation: You are mostly covered in thin metallic
                  | scales. (AC +3) [demonic ancestry]
   203 | D:1      | Reached XP level 3. HP: 29/29 MP: 3/3
   241 | D:1      | Reached skill level 1 in Dodging
   835 | D:2      | Gained mutation: You have a small tail. [demonic ancestry]
   835 | D:2      | Reached XP level 4. HP: 32/35 MP: 4/4
  1949 | D:4      | Reached XP level 5. HP: 18/42 MP: 5/5
  2067 | D:4      | Found an ancient bone altar of Kikubaaqudgha.
  2077 | D:4      | Found a broken altar of Ashenzari.
  2082 | D:4      | Found a blossoming altar of Fedhas.
  2158 | D:4      | Found Gyuppet's Assorted Antiques.
  2192 | D:4      | Found a staircase to the Ecumenical Temple.
  2210 | Temple   | Entered the Ecumenical Temple
  2510 | Temple   | Became a worshipper of Cheibriados the Contemplative
  2812 | D:4      | Found a hide-covered altar of Uskayaw.
  2812 | D:4      | Found an opulent altar of Gozag.
  3030 | D:4      | Found Ykyurphuc's Jewellery Shop.
  3239 | D:4      | Found a basalt altar of Yredelemnul.
  3308 | D:4      | Reached XP level 6. HP: 37/48 MP: 6/6
  3320 | D:4      | Reached * piety under Cheibriados
  3321 | D:4      | Reached skill level 1 in Throwing
  3612 | D:5      | Entered Level 5 of the Dungeon
  3612 | D:5      | Noticed Eustachio
  3612 | D:5      | Noticed Duvessa
  3613 | D:5      | Noticed Dowan
  3700 | D:5      | Killed Duvessa
  3702 | D:5      | Killed Eustachio
  3703 | D:5      | Gained mutation: You have a tail ending in a sharp stinger.
                  | [demonic ancestry]
  3703 | D:5      | Reached XP level 7. HP: 50/55 MP: 7/7
  4114 | D:5      | Killed from afar by Dowan

Illustrated notes

Levels and vault maps discovered:
D:1:      mrwooster_arrival_statue_2, layout_rooms
D:2:      layout_basic
D:3:      layout_basic, hangedman_decor_push
D:4:      layout_loops_corners, minmay_overflow_temple_star_quad,
          lemuel_zombie_altar_yredelemnul, nicolae_overflow_hidden_temple,
          minmay_temple_entry_gardened_gates, serial_shops, shop,
          nicolae_lakefront_shop, nicolae_grassy_gnolls
D:5:      layout_layer_cave, uniq_eustachio, uniq_menkaure, uniq_duvessa
Temple:   compressed_dpeg_triangle_lava_temple

Skill      XL: |  1  2  3  4  5  6  7 |
---------------+----------------------+-----
Axes           | 2 3 |  3.8
Armour         | 3 4 |  4.2
Dodging        | 1 2 3 |  3.0
Shields        | 3 4 |  4.2
Fighting       | 4 |  4.6
Throwing       | 1 2 |  2.1

Action                     |  1- 3 |  4- 6 |  7- 9 || total
---------------------------+-------+-------+-------++-------
  Melee: War axe           |    88 |   134 |    27 ||   249
         Tailslap          |       |    16 |     3 ||    19
  Throw: Boomerang         |       |    15 |    10 ||    25
 Invoke: Bend Time         |       |       |     1 ||     1
    Use: Scroll            |     2 |    10 |       ||    12
         Potion            |       |     4 |     2 ||     6
 Armour: Scale mail        |    19 |       |       ||    19
         Plate armour      |    35 |   104 |    27 ||   166
  Dodge: Dodged            |    26 |    33 |    10 ||    69
  Block: Buckler           |    23 |    36 |    11 ||    70
